 Dungeon Crawl Stone Soup version 0.24.0-123-gd5b16e6ec5 (webtiles) character file.

Game seed: 15665182833512509613, levelgen mode: deterministic

388 Delamore the Chopper (level 7, -13/52 HPs)
             Began as a Formicid Fighter on Jan 27, 2020.
             Mangled by an ogre
             ... wielding a +0 giant club
              (21 damage)
             ... on level 3 of the Dungeon.
             The game lasted 00:03:21 (3102 turns).

Delamore the Chopper (Formicid Fighter)             Turns: 3102, Time: 00:03:21

Health: -13/52     AC: 11    Str: 31    XL:     7   Next: 7%
Magic:  7/7        EV:  7    Int: 12    God:
Gold:   270        SH: 10    Dex: 11    Spells: 6/6 levels left

rFire    + . .     SeeInvis +   a - +0 war axe
rCold    . . .     Gourm    .   c - +0 shield
rNeg     . . .     Faith    .   C - +1 chain mail {rF+}
rPois    .         Spirit   .   (helmet unavailable)
rElec    .         Reflect  .   (no cloak)
rCorr    .         Harm     .   A - +0 pair of gloves
MR       .....                  (no boots)
Stlth    ..........             (no amulet)
HPRegen  0.17/turn              s - +6 ring of strength
MPRegen  0.10/turn              n - +3 ring of strength

@: brilliant
A: permanent stasis, dig shafts and tunnels, four strong arms, antennae 3
a: Dig, Shaft Self


You were on level 3 of the Dungeon.
You were not hungry.

You visited 1 branch of the dungeon, and saw 4 of its levels.

You collected 270 gold pieces.

Inventory:

Hand Weapons
 a - a +0 war axe (weapon)
Armour
 b - a +0 scale mail
 c - a +0 shield (worn)
 u - a +0 chain mail
 A - a +0 pair of gloves (worn)
 C - a +1 chain mail of fire resistance (worn)
Jewellery
 n - a +3 ring of strength (right hand)
 s - a +6 ring of strength (left hand)
 v - an uncursed amulet of the acrobat
 x - an uncursed ring of ice {unknown}
 y - an uncursed ring of ice {unknown}
Scrolls
 g - 3 scrolls of remove curse {unknown}
 l - 2 scrolls of amnesia {unknown}
 o - a scroll of immolation {unknown}
 p - 3 scrolls of identify {unknown}
 r - a scroll of enchant weapon {unknown}
 t - a scroll of fear {unknown}
 w - a scroll of blinking {unknown}
Potions
 d - 3 potions of might
 e - a potion of berserk rage {unknown}
 h - 2 potions of degeneration {unknown}
 i - 2 potions of brilliance
 j - 2 potions of flight {unknown}
 k - 2 potions of ambrosia {unknown}
 m - 2 potions of curing {unknown}
 q - a potion of mutation {unknown}
 z - 2 potions of agility {unknown}
Comestibles
 f - 4 rations
 B - 3 chunks of flesh


   Skills:
 - Level 3.2 Fighting
 + Level 7.0 Axes
 - Level 3.2 Armour
 - Level 3.6 Shields


You had 6 spell levels left.
You didn't know any spells.
Your spell library contained the following spells:

 Spells                   Type           Power        Failure   Level  Hunger
 Beastly Appendage        Tmut           #.....       43%         1    ##.....
 Sticks to Snakes         Tmut           #.......     54%         2    ###....
 Spider Form              Tmut/Pois      #.........   75%         3    ####...
 Ice Form                 Ice/Tmut       #.......     97%         4    #####..
 Blade Hands              Tmut           #.........   100%        5    ######.


Dungeon Overview and Level Annotations

Branches:
Dungeon (4/15)
 Temple: D:4-7

Altars:
Gozag
Sif Muna
Trog

Annotations:
D:4 3 runed translucent doors, Pikel; sandmanx's ghost, amateur GrFi


Innate Abilities, Weirdness & Mutations

You cannot be hasted, slowed, berserked, paralysed or teleported.
You can dig through walls and to a lower floor.
Your four strong arms can wield two-handed weapons with a shield.
You have a pair of large antennae on your head. (SInv)


Message History

You are too injured to fight recklessly!
You are too injured to fight recklessly!
You are too injured to fight recklessly!
You are too injured to fight recklessly!
You are too injured to fight recklessly!
You are too injured to fight recklessly!
You are too injured to fight recklessly!
You are too injured to fight recklessly!
You are too injured to fight recklessly!
You are too injured to fight recklessly!
You hit the ogre.
The ogre is lightly wounded.
You completely miss the ogre.
The ogre is lightly wounded.
The ogre hits you with a +0 giant club!
* * * LOW HITPOINT WARNING * * *
It was a potion of brilliance.
You feel clever all of a sudden.
The ogre hits you with a +0 giant club!!
You die...

##.## #...#.#.......# #.#
###...†.......# ####.#########
##.##.##.##.# ### #............#
#.##.##.....
..###......#####.#####...>...##.#
...##...)...........#####.#####.#
.#.##...............# #.......#
...##......##.#O##..# #.......#
#........#.##.#.@#..# #########
.).##......##.##.#..#
.#.#####.####.......# .#.#
#....>##.......# .#.#
#.....#####.#### ...# #.....# #.#
.### #.....# #.# .# #.....# #.#
.# ####### ###.#


You could see an ogre.

Vanquished Creatures
  Purgy (D:4)
  A centaur skeleton (D:2)
  An iguana (D:3)
  Natasha (twice) (D:4)
  7 adders
  3 gnolls (D:4)
  A worm (D:3)
  3 dart slugs
  3 leopard geckos
  5 orcs
  13 bats
  7 giant cockroaches
  7 goblins
  9 hobgoblins
  4 jackals
  2 quokkas (D:2)
  2 frilled lizards (D:2)
  8 kobolds
  6 rats
85 creatures vanquished.

Notes
Turn   | Place    | Note
-------+----------+-------------------------------------------
     0 | D:1      | Delamore the Formicid Fighter began the quest for the Orb.
     0 | D:1      | Reached XP level 1. HP: 18/18 MP: 1/1
   140 | D:1      | Reached XP level 2. HP: 24/24 MP: 2/2
   235 | D:1      | Reached skill level 3 in Axes
   400 | D:1      | Reached XP level 3. HP: 29/29 MP: 3/3
   713 | D:2      | Found an opulent altar of Gozag.
   880 | D:2      | Found a shimmering blue altar of Sif Muna.
   931 | D:2      | Reached skill level 4 in Axes
   931 | D:2      | Reached XP level 4. HP: 28/35 MP: 4/4
  1246 | D:2      | Reached XP level 5. HP: 40/41 MP: 5/5
  1487 | D:3      | Reached skill level 5 in Axes
  1517 | D:3      | Found a bloodstained altar of Trog.
  2115 | D:3      | Reached XP level 6. HP: 44/47 MP: 6/6
  2632 | D:4      | Noticed Purgy
  2653 | D:4      | Killed Purgy
  2653 | D:4      | Reached skill level 6 in Axes
  2878 | D:4      | Noticed Natasha
  2885 | D:4      | Killed Natasha
  2891 | D:4      | Noticed sandmanx's ghost (amateur GrFi)
  2899 | D:4      | Found a runed translucent gate.
  2899 | D:4      | Found a runed translucent gate.
  2901 | D:4      | Found a runed translucent gate.
  2925 | D:4      | Noticed Natasha
  2936 | D:4      | Killed Natasha
  3002 | D:4      | Reached XP level 7. HP: 47/52 MP: 7/7
  3004 | D:4      | Reached skill level 7 in Axes
  3067 | D:4      | Noticed Pikel
  3102 | D:3      | Mangled by an ogre

Levels and vault maps discovered:
D:1:      saegor_arrival_simple_a, layout_loops_ring
D:2:      layout_loops_ring, nicolae_gozag_seed_capital,
          chequers_serial_rivers_small_a, lemuel_blue_sif_altar
D:3:      layout_loops_cross, lemuel_crystal_altar
D:4:      layout_basic, gammafunk_ghost_split, first_ration, hex_medium,
          uniq_purgy, uniq_natasha, uniq_pikel

Skill      XL: |  1  2  3  4  5  6  7 |
---------------+----------------------+-----
Axes           | 3 4 5 6 7 |  7.0
Fighting       | |  3.2
Armour         | |  3.2
Shields        | |  3.6

Action                   |  1- 3 |  4- 6 |  7- 9 || total
-------------------------+-------+-------+-------++-------
Melee: War axe           |    82 |   237 |    14 ||   333
  Use: Potion            |       |       |     1 ||     1
  Eat: Chunk             |       |     6 |     2 ||     8
Armor: Scale mail        |    38 |    47 |       ||    85
       Chain mail        |       |    59 |     3 ||    62
Dodge: Dodged            |    24 |    75 |     4 ||   103
Block: Shield            |    38 |   154 |     5 ||   197
